 Dungeon Crawl Stone Soup version 0.26-a0-597-gb535b0901c (webtiles) character file.

Game seed: 14896810676629218857

3254 HoaS the Cruncher (level 10, -6/70 HPs)
             Began as a Formicid Fighter on Sept 1, 2020.
             Was a Follower of Makhleb.
             Mangled by a slime creature (14 damage)
             ... on level 6 of the Dungeon.
             The game lasted 00:15:20 (6709 turns).

HoaS the Cruncher (Formicid Fighter)                Turns: 6709, Time: 00:15:20

Health: -6/70      AC: 12    Str: 24    XL:     10   Next: 19%
Magic:  10/10      EV:  6    Int:  8    God:    Makhleb [*.....]
Gold:   331        SH: 12    Dex: 10    Spells: 9/9 levels left

rFire    . . .     SeeInvis +   a - +2 quarterstaff
rCold    . . .     Faith    .   c - +1 kite shield
rNeg     . . .     Spirit   .   t - +1 plate armour
rPois    +         Reflect  .   (helmet unavailable)
rElec    .         Harm     .   (no cloak)
rCorr    .                      (no gloves)
MR       +....                  (no boots)
Stlth    ..........             (no amulet)
HPRegen  0.21/turn              l - ring of flight
MPRegen  0.12/turn              o - ring of poison resistance

@: no status effects
A: permanent stasis, dig shafts and tunnels, four strong arms, antennae 3
a: Dig, Shaft Self, Renounce Religion, Evoke Flight


You were on level 6 of the Dungeon.
You worshipped Makhleb.
Makhleb was aware of your devotion.
You visited 2 branches of the dungeon, and saw 8 of its levels.

You collected 331 gold pieces.

Inventory:

Hand Weapons
 a - a +2 quarterstaff (weapon)
Missiles
 n - 13 bolts
Armour
 c - a +1 kite shield (worn)
 t - a +1 plate armour (worn)
Jewellery
 l - a ring of flight (left hand)
 o - a ring of poison resistance (right hand)
 v - a cursed -4 ring of evasion {unknown}
Wands
 s - a wand of flame (15)
 w - a wand of enslavement (8)
 x - a wand of iceblast (13)
 y - a wand of random effects (24)
Scrolls
 h - 4 scrolls of remove curse
 i - 3 scrolls of magic mapping
 p - a scroll of identify
 u - a scroll of enchant weapon
Potions
 b - a potion of heal wounds {unknown}
 e - 2 potions of curing
 f - 3 potions of mutation {unknown}
 g - 4 potions of resistance {unknown}
 j - a potion of degeneration {unknown}
 k - 5 potions of stabbing {unknown}
 m - a potion of haste {unknown}
 q - 2 potions of flight {unknown}
 r - a potion of ambrosia {unknown}


   Skills:
 - Level 3.2 Fighting
 * Level 11.8 Staves
 - Level 3.2 Armour
 - Level 9.0 Shields


You had 9 spell levels left.
You didn't know any spells.
Your spell library contained the following spells:

 Spells                   Type           Power        Failure   Level
 Magic Dart               Conj           #...         100%        1
 Call Imp                 Summ           #.......     100%        2
 Slow                     Hex            #.......     100%        2
 Conjure Flame            Conj/Fire      #.......     100%        3
 Mephitic Cloud           Conj/Pois/Air  #.......     100%        3
 Blink                    Tloc           Unusable     N/A         2

Dungeon Overview and Level Annotations

Branches:
Dungeon (7/15)             Temple (1/1) D:5

Altars:
Ashenzari
Cheibriados
Dithmenos
Elyvilon
Fedhas
Gozag
Hepliaklqana
Makhleb
Nemelex Xobeh
Okawaru
Qazlal
Ru
Sif Muna
Uskayaw
Vehumet
Wu Jian
Xom
Yredelemnul
Zin
The Shining One

Annotations:
D:4 1 runed translucent door, p0werm0de's ghost, amateur MiFi


Innate Abilities, Weirdness & Mutations

You cannot be hasted, slowed, berserked, paralysed or teleported.
You can dig through walls and to a lower floor.
Your four strong arms can wield two-handed weapons with a shield.
You have a pair of large antennae on your head. (SInv)


Message History

The slime creature hits you but does no damage.
The slime creature hits you! You block the slime creature's attack.
You hit the slime creature but do no damage.
The slime creature is severely wounded.
The slime creature hits you but does no damage.
The slime creature hits you! The slime creature hits you.
You barely miss the slime creature.
The slime creature is severely wounded.
You block the slime creature's attack. The slime creature hits you!
* * * LOW HITPOINT WARNING * * *
You sock the slime creature!
The slime creature is almost dead.
You block the slime creature's attack. x2
The slime creature hits you but does no damage.
You bludgeon the slime creature!!
You kill the slime creature!
Makhleb accepts your kill.
The slime creature hits you but does no damage.
The slime creature hits you!
You die...

...............# ##....###.......
.....#.....#######.....# #.......
.....'................####.......
.....#...........................
.....#............###............
....##..#...........#............
....##[.#.##........#.....####...
....##..#......JJJ........####...
....##.....#....@...##...........
....###..........................
....###..<.......................
..............(.................#
##..............................#
..............(......#####......#
##......####...................##
..............(..................
...............(.................


You could see 3 slime creatures.

Vanquished Creatures
  3 slime creatures (D:6)
  A hornet (D:6)
  Sigmund (D:3)
  Menkaure (D:7)
  4 phantoms
  A sky beast (D:6)
  2 ogres
  2 orc warriors (D:6)
  2 centaurs
  5 bullfrogs
  4 scorpions
  4 howler monkeys
  A quasit (D:6)
  A hound (D:5)
  A jelly (D:6)
  3 orc wizards
  2 iguanas
  A centaur skeleton (D:4)
  Terence (D:3)
  3 worker ants
  4 gnolls (D:3)
  9 adders
  A shadow imp (D:5)
  A white imp (D:4)
  An ufetubus (D:6)
  An ooze (D:2)
  2 worms (D:2)
  2 dart slugs (D:1)
  6 leopard geckos
  25 orcs
  2 ball pythons
  10 giant cockroaches
  6 goblins
  10 hobgoblins
  2 jackals (D:5)
  13 kobolds
  2 quokkas (D:4)
  6 bats
  5 frilled lizards
  A jackal skeleton (D:4)
  A leopard gecko skeleton (D:4)
  A leopard gecko zombie (D:5)
  A quokka skeleton (D:7)
  11 rats
166 creatures vanquished.

Notes
Turn   | Place    | Note
-------+----------+-------------------------------------------
     0 | D:1      | HoaS the Formicid Fighter began the quest for the Orb.
     0 | D:1      | Reached XP level 1. HP: 18/18 MP: 1/1
    87 | D:1      | Reached XP level 2. HP: 24/24 MP: 2/2
   302 | D:1      | You fall into a shaft and drop 1 floor!
   354 | D:1      | Reached XP level 3. HP: 29/29 MP: 3/3
   374 | D:1      | Reached skill level 3 in Staves
   920 | D:2      | Reached XP level 4. HP: 32/35 MP: 4/4
  1480 | D:3      | Reached skill level 4 in Staves
  1504 | D:3      | Noticed a bullfrog
  1510 | D:3      | Killed a bullfrog
  1510 | D:3      | Reached skill level 5 in Shields
  1510 | D:3      | Reached XP level 5. HP: 34/41 MP: 5/5
  1694 | D:3      | Noticed Sigmund
  1719 | D:3      | Killed Sigmund
  1719 | D:3      | Reached skill level 5 in Staves
  1719 | D:3      | Reached XP level 6. HP: 35/47 MP: 6/6
  2025 | D:3      | Noticed Terence
  2039 | D:3      | Killed Terence
  2039 | D:3      | Reached XP level 7. HP: 45/52 MP: 7/7
  2458 | D:4      | Found a hide-covered altar of Uskayaw.
  2478 | D:4      | Reached skill level 6 in Staves
  2856 | D:4      | Found a runed translucent door.
  2858 | D:4      | Noticed p0werm0de's ghost (amateur MiFi)
  3004 | D:4      | Reached skill level 7 in Staves
  3004 | D:4      | Reached XP level 8. HP: 58/58 MP: 8/8
  3511 | D:5      | Entered Level 5 of the Dungeon
  3767 | D:5      | Reached skill level 8 in Staves
  3868 | D:5      | Found a staircase to the Ecumenical Temple.
  3884 | Temple   | Entered the Ecumenical Temple
  4620 | D:6      | Found a basalt altar of Yredelemnul.
  4620 | D:6      | Found a shimmering blue altar of Sif Muna.
  4620 | D:6      | Found an ornate altar of the Wu Jian Council.
  4622 | D:6      | Found a glowing golden altar of the Shining One.
  4622 | D:6      | Found a burning altar of Makhleb.
  4622 | D:6      | Found a shimmering altar of Xom.
  4629 | D:6      | Became a worshipper of Makhleb the Destroyer
  4696 | D:6      | Reached XP level 9. HP: 56/64 MP: 9/9
  5222 | D:7      | Reached skill level 9 in Staves
  5234 | D:7      | Noticed Menkaure
  5486 | D:7      | Noticed a hornet
  5491 | D:7      | Killed Menkaure
  5556 | D:6      | Killed a hornet
  5556 | D:6      | Reached skill level 10 in Staves
  6108 | D:7      | Reached * piety under Makhleb
  6113 | D:7      | Noticed a slime creature
  6113 | D:7      | Noticed a slime creature
  6114 | D:7      | Noticed a slime creature
  6114 | D:7      | Noticed a slime creature
  6114 | D:7      | Noticed a slime creature
  6116 | D:7      | Noticed a slime creature
  6132 | D:6      | Killed a slime creature
  6321 | D:6      | Killed a slime creature
  6321 | D:6      | Reached skill level 11 in Staves
  6321 | D:6      | Reached XP level 10. HP: 60/70 MP: 10/10
  6709 | D:6      | Mangled by a slime creature

Illustrated notes

Levels and vault maps discovered:
D:1:      saegor_arrival_simple_b, layout_loops_ring
D:2:      layout_rooms
D:3:      layout_basic, uniq_sigmund, uniq_terence
D:4:      layout_loops_ring, eat_drink_and_be_merry_uskayaw,
          gup_sewer_entry_pipe, ebering_ghost_sewer_d, serial_glass,
          glass_columns_a, glass_columns_a, glass_columns_c, glass_columns_a,
          glass_columns_b, glass_columns_a, due_unseen_surprise,
          minmay_manual_moon
D:5:      layout_cave_pods, minmay_temple_entry_offerings, serial_park,
          corexii_checkpoint_a
D:6:      layout_basic, grunt_temple_overflow_open
D:7:      layout_rooms, lemuel_mausoleum_altar_kikubaaqudgha,
          gammafunk_ghost_split, roderic_batcave, uniq_menkaure
Temple:   nicolae_temple_god_jail

Skill      XL: |  1  2  3  4  5  6  7  8  9 |
---------------+----------------------------+-----
Shields        | 4 5 6 8 9 |  9.0
Staves         | 3 4 5 7 8 11 | 11.8
Fighting       | |  3.2
Armour         | |  3.2

Action                   |  1- 3 |  4- 6 |  7- 9 | 10-12 || total
-------------------------+-------+-------+-------+-------++-------
Melee: Quarterstaff      |   109 |   126 |   393 |    39 ||   667
 Abil: Dig               |       |     2 |    12 |     2 ||    16
  Use: Scroll            |     4 |     4 |     4 |       ||    12
       Potion            |       |     1 |       |     2 ||     3
Armor: Scale mail        |    32 |    37 |       |       ||    69
       Chain mail        |       |     1 |    22 |       ||    23
       Plate armour      |       |       |   120 |    17 ||   137
Dodge: Dodged            |    31 |    42 |    62 |     3 ||   138
Block: Kite shield       |    45 |    55 |   220 |    26 ||   346

Table legend: (Time is in decaauts)
 A = Elapsed time spent in this place.
 B = Non-inter-level travel time spent in this place.
 C = Inter-level travel time spent in this place.
 D = Time resting spent in this place.
 E = Time spent auto-exploring this place.
 F = Levels seen in this place.
 G = Mean time per level.
                   A        B        C        D        E       F      G
               +--------+--------+--------+--------+--------+-----+--------+
         Total |   6739 |   6570 |    169 |   1145 |   3811 |   8 |  842.4 |
       Dungeon |   6677 |   6508 |    169 |   1145 |   3772 |   7 |  953.9 |
        Temple |     61 |     61 |      0 |      0 |     39 |   1 |   61.0 |
               +--------+--------+--------+--------+--------+-----+--------+

Top non-repeatable levels by time:
     D:6: 2131 daAuts
     D:3: 1132 daAuts
     D:4: 1064 daAuts
     D:1: 894 daAuts
     D:5: 864 daAuts
     D:2: 474 daAuts
     D:7: 116 daAuts
  Temple: 61 daAuts
